 Dungeon Crawl Stone Soup version 0.29-a0-577-gafbf2c5d25 (webtiles) character file.

Game seed: 4825478171239577454

170 ders the Magician (level 5, -4/35 HPs)
             Began as a Djinni Conjurer on June 13, 2022.
             Slain by Edmund
             ... wielding a +2 vorpal flail
              (7 damage)
             ... on level 4 of the Dungeon.
             The game lasted 00:03:34 (4144 turns).

ders the Magician (Djinni Conjurer)                 Turns: 4144, Time: 00:03:35

Health: -4/35      AC:  2    Str:  6    XL:     5   Next: 80%
Gold:   149        EV: 12    Int: 22    God:
                   SH:  0    Dex: 11

rFire   + + .      SeeInvis .   (no weapon)
rCold   x . .      Faith    .   (no shield)
rNeg    . . .      Spirit   .   a - +0 robe
rPois   ∞          Reflect  .   (no helmet)
rElec   .          Harm     .   (no cloak)
rCorr   .          Rampage  .   (no gloves)
Will    .....                   (boots unavailable)
Stlth   ++........              (no amulet)
HPRegen 0.11/turn               (no ring)
MPRegen 0.00/turn               (no ring)

@: flying
A: sickness immunity, fire resistance 2, cold vulnerability 1, float, innate
caster, HP casting, extra vitality 1
a: no special abilities


You were on level 4 of the Dungeon.
You visited 1 branch of the dungeon, and saw 4 of its levels.

You collected 149 gold pieces.

Inventory:

Armour
 a - a +0 robe (worn)
 d - a +1 helmet
Wands
 m - a wand of flame (12)
Scrolls
 b - 3 scrolls of teleportation {unknown}
 e - 2 scrolls of immolation {unknown}
 f - 2 scrolls of enchant armour {unknown}
 h - 6 scrolls of identify {unknown}
 k - a scroll of fog {unknown}
 l - a scroll of fear {unknown}
 p - a scroll of magic mapping {unknown}
Potions
 c - 2 potions of mutation {unknown}
 g - 2 potions of curing {unknown}
 i - a potion of berserk rage {unknown}
 j - 3 potions of resistance {unknown}
 n - a potion of brilliance {unknown}
 o - a potion of flight {unknown}


   Skills:
 - Level 2.1 Dodging
 - Level 1.5 Stealth
 + Level 5.2 Spellcasting


You couldn't memorise any spells.
You knew the following spells:

 Your Spells              Type           Power      Damage    Failure   Level
a - Magic Dart            Conj           100%       1d8       1%          1
b - Foxfire               Conj/Fire      100%       2x1d9     1%          1
c - Dazzling Flash        Conj/Hex       56%        N/A       3%          3
d - Fulminant Prism       Conj/Hex       14%        3d9       12%         4
e - Iskenderun's Mystic   Conj/Tloc      28%        2d7       12%         4
f - Searing Ray           Conj           56%        2d6       1%          2
g - Scorch                Fire           56%        2d7       1%          2
Your spell library was empty.

Dungeon Overview and Level Annotations

Branches:
Dungeon (4/15)
 Temple: D:4-7

Altars:
The Shining One

Shops:
D:4 =

Annotations:
D:4 Edmund


Innate Abilities, Weirdness & Mutations

You are immune to sickness and miasma.
You are immune to poison.
Your flesh is very heat resistant. (rF++)
You are vulnerable to cold. (rC-)
You float through the air rather than walking.
You learn spells naturally, not from books.
Your magical power is your life essence.
You have superior vitality. (+4 MHP)


Message History

Casting: Foxfire (safe; 1% risk of failure)
Confirm with . or Enter, or press ? or * to list all spells.
You conjure some foxfire!
The foxfire hits Edmund but does no damage.
The foxfire hits Edmund.
Edmund is lightly wounded.
Unknown command.
Casting: Foxfire (safe; 1% risk of failure)
Confirm with . or Enter, or press ? or * to list all spells.
Aiming: Searing Ray (safe; 1% risk of failure)
Press: ? - help, Shift-Dir - straight line, f - Edmund
Aim: Edmund, wielding a +2 vorpal flail and wearing a +3 chain mail of positive energy (lightly wounded, 85% to hit)
Okay, then.
Casting: Searing Ray (safe; 1% risk of failure)
Confirm with . or Enter, or press ? or * to list all spells.
Flames lash Edmund but do no damage.
Casting: Scorch (safe; 1% risk of failure)
Confirm with . or Enter, or press ? or * to list all spells.
Flames lash Edmund.
Edmund is lightly wounded.
Edmund's fire resistance burns away.
Edmund barely misses you.
Casting: Scorch (safe; 1% risk of failure)
Confirm with . or Enter, or press ? or * to list all spells.
Flames lash Edmund.
Edmund is burned terribly!
Edmund is moderately wounded.
Edmund hits you with a +2 vorpal flail.
Casting: Scorch (safe; 1% risk of failure)
Confirm with . or Enter, or press ? or * to list all spells.
You erupt in a blast of force!
The mystic blast hits Edmund but does no damage.
Edmund is moderately wounded.
Edmund hits you with a +2 vorpal flail!
* * * LOW HITPOINT WARNING * * *
x2
Casting: Iskenderun's Mystic Blast (quite dangerous; 12% risk of failure)
Confirm with . or Enter, or press ? or * to list all spells.
You erupt in a blast of force!
The mystic blast hits Edmund!
Edmund is heavily wounded.
* * * LOW HITPOINT WARNING * * *
Edmund hits you with a +2 vorpal flail!
You die...

......# #.# ......# #.#
......# #.# ......#
########## #.# ......#
.........# #.# ......#
.........# #.# ###'###
.........# ##### #.# #..#
..........# ##...## #.#
##.##........@@###..#..###.#
#..#..........'...........#
##.#..........#..#.∩.######
#.#..........#......#
#.#..........#.####.#
#...#####....#.# #.#
#............#.# #.#
#..........###.# #.#
#..>.......# #.# #.#


You could see Edmund (combustible).

Vanquished Creatures
  Ijyb (D:3)
  An orc wizard (D:3)
  5 adders
  A worm (D:2)
  2 dart slugs
  4 orcs (D:3)
  8 ball pythons
  4 bats
  5 endoplasms
  3 giant cockroaches
  7 goblins
  5 hobgoblins
  4 jackals (D:2)
  3 kobolds
  2 quokkas
  4 rats
59 creatures vanquished.

Vanquished Creatures (others)
  188 foxfires
188 creatures vanquished.

Grand Total: 247 creatures vanquished

Notes
Turn   | Place    | Note
-------+----------+-------------------------------------------
     0 | D:1      | ders the Djinni Conjurer began the quest for the Orb.
     0 | D:1      | Reached XP level 1. HP: 15/15 MP: 0/0
   157 | D:1      | Reached XP level 2. HP: 8/21 MP: 0/0
   529 | D:1      | Found a faded altar of an unknown god.
   727 | D:1      | Reached XP level 3. HP: 21/25 MP: 0/0
   727 | D:1      | Learned a level 1 spell: Foxfire
  1213 | D:2      | Reached skill level 4 in Spellcasting
  1486 | D:2      | Found a glowing golden altar of the Shining One.
  2403 | D:3      | Reached XP level 4. HP: 30/31 MP: 0/0
  2685 | D:3      | Reached XP level 5. HP: 22/35 MP: 0/0
  2685 | D:3      | Learned a level 2 spell: Scorch
  3195 | D:3      | Noticed Ijyb
  3205 | D:3      | Killed Ijyb
  3206 | D:3      | Reached skill level 5 in Spellcasting
  4012 | D:4      | Found Dihif's Jewellery Emporium.
  4132 | D:4      | Noticed Edmund
  4144 | D:4      | Slain by Edmund

Illustrated notes

Levels and vault maps discovered:
D:1:      psy_arrival_fountain, layout_rooms, basic_ecumenical_altar,
          grunt_decor_resistance, hangedman_decor_growths, minmay_statues_item,
          minmay_indecisive_spiral
D:2:      layout_basic, basic_altar
D:3:      layout_basic, serial_glass, glass_columns_b, glass_columns_a,
          nrook_campfire, grunt_decor_mini_mirrors, uniq_ijyb
D:4:      layout_basic, serial_shops, nicolae_shop_stone, uniq_edmund

Skill      XL: |  1  2  3  4  5 |
---------------+----------------+-----
Spellcasting   | 4 5 |  5.2
Dodging        | |  2.1
Stealth        | |  1.5

Action                   |  1- 3 |  4- 6 || total
-------------------------+-------+-------++-------
 Cast: Magic Dart        |    37 |     1 ||    38
       Foxfire           |    52 |    58 ||   110
       Scorch            |       |     4 ||     4
       Iskenderun's Myst |       |     2 ||     2
Armor: Robe              |     1 |     4 ||     5
Dodge: Dodged            |     5 |     7 ||    12

Table legend: (Time is in decaauts)
 A = Elapsed time spent in this place.
 B = Non-inter-level travel time spent in this place.
 C = Inter-level travel time spent in this place.
 D = Time resting spent in this place.
 E = Time spent auto-exploring this place.
 F = Levels seen in this place.
 G = Mean time per level.
                   A        B        C        D        E       F      G
               +--------+--------+--------+--------+--------+-----+--------+
         Total |   4143 |   4031 |    112 |    449 |   3189 |   4 | 1035.8 |
       Dungeon |   4143 |   4031 |    112 |    449 |   3189 |   4 | 1035.8 |
               +--------+--------+--------+--------+--------+-----+--------+

Top non-repeatable levels by time:
     D:3: 1448 daAuts
     D:1: 1088 daAuts
     D:2: 1050 daAuts
     D:4: 555 daAuts
